 Dungeon Crawl Stone Soup version 0.21-a0-641-geef9d7f (webtiles) character file.

39192 mopl the Arsonist (level 14, -16/135 HPs)
             Began as an Ogre Fire Elementalist on Dec 30, 2017.
             Was a High Priest of Vehumet.
             Demolished by a death yak (26 damage)
             ... on level 5 of the Lair of Beasts.
             The game lasted 00:52:44 (23782 turns).

mopl the Arsonist (Ogre Fire Elementalist)         Turns: 23782, Time: 00:52:45

Health: -16/135    AC:  5    Str: 15    XL:     14   Next: 5%
Magic:  16/43      EV: 10    Int: 20    God:    Vehumet [*****.]
Gold:   562        SH:  0    Dex:  9    Spells: 9/34 levels left

rFire    . . .     SeeInvis .   Q - staff of power {!a}
rCold    + . .     Gourm    .   (no shield)
rNeg     . . .     Faith    +   I - +2 robe {MR+}
rPois    .         Spirit   .   (helmet restricted)
rElec    .         Reflect  .   s - scarf {repulsion}
rCorr    +         Harm     .   (gloves unavailable)
MR       ++...                  (boots unavailable)
Stlth    +.........             g - amulet of faith {!P}
HPRegen  0.32/turn              m - ring of resist corrosion
MPRegen  0.28/turn              v - ring of protection from cold

@: repel missiles
A: large, unfitting armour, tough skin 1
a: Renounce Religion


You were on level 5 of the Lair of Beasts.
You worshipped Vehumet.
Vehumet was extremely pleased with you.
You were not hungry.

You visited 3 branches of the dungeon, and saw 17 of its levels.

You collected 922 gold pieces.
You spent 360 gold pieces at shops.

Inventory:

Hand Weapons
 a - a +0 quarterstaff of freezing
 i - a +1 scimitar of flaming
 P - a +0 blowgun
Missiles
 f - 3 large rocks (quivered)
 x - 38 poisoned needles
 y - 2 poisoned javelins
 H - 6 curare-tipped needles
 U - 6 tomahawks of returning
Armour
 s - a scarf of repulsion (worn)
 I - a +2 robe of magic resistance (worn)
 K - a +2 robe of cold resistance
Magical Staves
 Q - an uncursed staff of power (weapon) {!a}
Jewellery
 g - an amulet of faith (around neck) {!P}
 m - a ring of resist corrosion (left hand)
 t - an uncursed ring of ice
 v - a ring of protection from cold (right hand)
 F - an uncursed ring of positive energy
 W - an uncursed ring of flight
 Y - a cursed amulet of inaccuracy {unknown}
Wands
 b - a wand of acid (5)
 d - a wand of flame (84)
 p - a wand of paralysis (14)
 w - a wand of enslavement (21)
 C - a wand of disintegration (6)
 D - a wand of clouds (12)
 L - a wand of iceblast (24)
Scrolls
 j - 2 scrolls of immolation
 k - 2 scrolls of enchant armour
 l - 6 scrolls of remove curse
 n - 2 scrolls of amnesia
 r - 3 scrolls of fog
 A - 4 scrolls of teleportation
 E - 3 scrolls of blinking
 G - a scroll of acquirement {unknown}
 J - a scroll of silence {!r}
 S - 2 scrolls of brand weapon
 V - a scroll of vulnerability {unknown}
 X - a scroll of summoning {unknown}
Potions
 e - 4 potions of brilliance
 h - 2 potions of heal wounds
 o - 2 potions of might
 q - a potion of curing
 u - 6 potions of cancellation
 z - 2 potions of flight
 B - 2 potions of agility
 N - 2 potions of resistance {!q}
 O - 6 potions of berserk rage {!q}
 R - a potion of haste {unknown}
Books
 M - a book of Misfortune

   Spells                             Type                      Level
   a - Confusing Touch                Hexes                        1
   b - Confuse                        Hexes                        3
   c - Gell's Gravitas                Translocation                3
   d - Petrify                        Transmutation/Earth          4
   e - Metabolic Englaciation         Hexes/Ice                    5
   f - Yara's Violent Unravelling     Hexes/Transmutation          5
Miscellaneous
 T - a phantom mirror
Comestibles
 c - 21 rations


   Skills:
 + Level 7.9 Fighting
 + Level 4.7 Staves
 - Level 1.7 Dodging
 - Level 1.4 Stealth
 + Level 10.7 Spellcasting
 * Level 12.2 Conjurations
 - Level 3.0 Hexes
 + Level 1.1 Translocations
 * Level 12.4 Fire Magic
 - Level 3.0 Air Magic
 - Level 3.0 Poison Magic
 + Level 3.8 Evocations


You had 9 spell levels left.
You knew the following spells:

 Your Spells              Type           Power        Failure   Level  Hunger
a - Flame Tongue          Conj/Fire      #####        1%          1    None
b - Sticky Flame          Conj/Fire      ######..     1%          4    ##.....
c - Conjure Flame         Conj/Fire      ######..     1%          3    None
d - Mephitic Cloud        Conj/Pois/Air  #####...     1%          3    None
e - Throw Flame           Conj/Fire      ######       1%          2    None
f - Fireball              Conj/Fire      ######....   1%          5    ####...
g - Force Lance           Conj/Tloc      #####...     1%          4    ##.....
h - Inner Flame           Hex/Fire       #####...     1%          3    None


Dungeon Overview and Level Annotations

Branches:
Dungeon (11/15)            Temple (1/1) D:5            Lair (5/6) D:10
  Swamp (0/4) Lair:3        Snake (0/4) Lair:3
  Slime: Lair:5-6       Orc: D:9-12

Altars:
Ashenzari
Cheibriados
Dithmenos
Elyvilon
Fedhas
Gozag
Hepliaklqana
Kikubaaqudgha
Makhleb
Nemelex Xobeh
Okawaru
Qazlal
Ru
Sif Muna
Trog
Uskayaw
Vehumet
Wu Jian
Xom
Yredelemnul
Zin
The Shining One

Shops:
D:7 ?   D:11 *

Portals:
Trove: D:11 (give 4 potions of resistance)

Annotations:
D:8 bb


Innate Abilities, Weirdness & Mutations

You are too large for most types of armour.
You have tough skin. (AC +1)


Message History

The death yak is moderately wounded.
The death yak is covered in liquid flames!
The death yak burns!
The death yak is engulfed in blazing flames.
The death yak gores you!
* * * LOW HITPOINT WARNING * * *
The death yak burns!
The death yak burns!
The death yak burns!
The death yak burns!
The death yak burns!
The death yak burns!
The death yak burns!
The death yak burns!
The death yak burns!
The death yak burns!
The death yak burns!
The death yak burns!
The death yak burns!
The death yak gores you!!
You die...

#..##.# #PP###
###.#.####..Y.#
#######.........Y#...
###...##..##....<#.###Y
##..#......###....#.# ##
#.#..#...####......## #
##........###.....P.####
###................##.#
###...@..............#.
#.....Y............#...
###......................
#..#.....................
##..............#........
#............#####..P....
##............#.###.......
#...............##........
#..............P#.........


You could see a death yak (burning).

Vanquished Creatures
  Fannar (Lair:3)
  5 hydras
  A catoblepas (Lair:5)
  Erica (D:8)
  5 two-headed ogres
  5 death yaks
  Sonja (Lair:3)
  A skeletal warrior (D:11)
  An unseen horror (D:10)
  A manticore (D:11)
  A deep elf mage (D:11)
  2 black mambas
  6 elephants (Lair:5)
  An ugly thing (D:11)
  6 spiny frogs
  2 komodo dragons (Lair:4)
  2 rime drakes (Lair:3)
  2 kobold demonologists (D:11)
  A troll (shapeshifter) (D:8)
  A hornet (D:10)
  2 polar bears
  9 hippogriffs
  5 blink frogs (Lair:4)
  A shadow (D:10)
  A basilisk (Lair:4)
  2 wyverns
  33 yaks
  A steam dragon (D:8)
  2 hungry ghosts
  Menkaure (D:6)
  3 nagas (Lair:3)
  An insubstantial wisp (D:8)
  A soldier ant (D:11)
  6 water moccasins
  6 orc warriors
  8 porcupines
  2 ice beasts (D:9)
  3 phantoms
  3 sky beasts (D:8)
  A black bear (D:5)
  5 wolves (Lair:2)
  5 ogres
  3 centaurs
  7 crocodiles
  5 big kobolds
  14 bullfrogs
  7 scorpions
  A wyvern skeleton (D:9)
  4 killer bees (D:8)
  9 wights
  An electric eel (Lair:1)
  2 howler monkeys (D:8)
  5 crimson imps
  7 hounds
  2 bullfrog zombies
  A centaur zombie (D:6)
  A bullfrog skeleton (D:8)
  3 centaur skeletons
  9 orc wizards
  3 orc priests
  2 quasits
  4 iguanas
  8 worker ants
  Terence (D:2)
  2 hound skeletons
  A howler monkey zombie (D:6)
  A worker ant zombie (D:10)
  3 gnolls
  8 adders
  4 shadow imps
  2 oozes
  An adder zombie (D:9)
  An adder skeleton (D:6)
  A worm (D:2)
  A dart slug (D:3)
  3 leopard geckos
  32 orcs
  3 ball pythons
  6 bats
  5 giant cockroaches
  7 goblins
  2 hobgoblins
  6 jackals
  7 quokkas
  2 frilled lizards
  A giant cockroach zombie (D:6)
  16 kobolds
  2 leopard gecko skeletons
  A quokka zombie (D:5)
  7 rats
  A fungus (Lair:5)
372 creatures vanquished.

Vanquished Creatures (others)
  A human (D:2)
  19 fungi
  12 plants
  13 toadstools (Lair:5)
45 creatures vanquished.

Grand Total: 417 creatures vanquished

Notes
Turn   | Place    | Note
-------+----------+-------------------------------------------
     0 | D:1      | mopl the Ogre Fire Elementalist began the quest for the Orb.
     0 | D:1      | Reached XP level 1. HP: 16/16 MP: 3/3
    23 | D:1      | Reached skill level 1 in Conjurations
   141 | D:1      | Reached XP level 2. HP: 16/24 MP: 5/5
   149 | D:1      | Learned a level 2 spell: Throw Flame
   281 | D:1      | Found a sparkling altar of Nemelex Xobeh.
   374 | D:1      | Reached skill level 3 in Fire Magic
   565 | D:1      | Reached XP level 3. HP: 16/31 MP: 2/7
   733 | D:1      | Learned a level 3 spell: Conjure Flame
  1218 | D:2      | Found an ancient bone altar of Kikubaaqudgha.
  1219 | D:2      | Noticed a human
  1221 | D:2      | Killed a human
  1289 | D:2      | Noticed Terence
  1395 | D:2      | Killed Terence
  1395 | D:2      | Reached skill level 3 in Spellcasting
  1395 | D:2      | Reached skill level 2 in Conjurations
  1395 | D:2      | Reached XP level 4. HP: 14/39 MP: 0/8
  3024 | D:4      | Reached XP level 5. HP: 23/45 MP: 0/9
  3134 | D:4      | Learned a level 4 spell: Sticky Flame
  3181 | D:4      | Noticed a big kobold
  3446 | D:4      | Killed a big kobold
  3446 | D:4      | Reached skill level 3 in Conjurations
  3446 | D:4      | Reached skill level 4 in Fire Magic
  3482 | D:4      | Reached XP level 6. HP: 42/53 MP: 3/11
  3798 | D:4      | Reached skill level 4 in Spellcasting
  4099 | D:5      | Entered Level 5 of the Dungeon
  4206 | D:5      | Found a staircase to the Ecumenical Temple.
  4252 | Temple   | Entered the Ecumenical Temple
  4297 | Temple   | Became a worshipper of Vehumet
  4707 | D:5      | Reached skill level 4 in Conjurations
  4707 | D:5      | Reached skill level 5 in Fire Magic
  4707 | D:5      | Reached XP level 7. HP: 38/59 MP: 0/13
  4848 | D:5      | Found a white marble altar of Elyvilon.
  5831 | D:5      | Reached skill level 5 in Conjurations
  5831 | D:5      | Reached XP level 8. HP: 23/67 MP: 2/15
  6047 | D:6      | Reached skill level 5 in Spellcasting
  6182 | D:6      | Noticed Menkaure
  6201 | D:6      | Killed Menkaure
  6201 | D:6      | Reached skill level 6 in Fire Magic
  6378 | D:6      | Reached * piety under Vehumet
  6378 | D:6      | Offered knowledge of Sandblast by Vehumet.
  6492 | D:6      | Reached skill level 6 in Conjurations
  6634 | D:6      | Learned a level 5 spell: Fireball
  6851 | D:6      | Reached skill level 6 in Spellcasting
  6851 | D:6      | Reached XP level 9. HP: 19/74 MP: 1/18
  6858 | D:6      | Found a sparkling altar of Nemelex Xobeh.
  7135 | D:6      | Reached skill level 7 in Fire Magic
  7326 | D:7      | Found Wowo's Magic Scroll Emporium.
  7330 | D:7      | Bought a scroll of fear for 35 gold pieces
  7330 | D:7      | Bought a scroll of teleportation for 30 gold pieces
  7330 | D:7      | Bought a scroll of identify for 20 gold pieces
  7330 | D:7      | Bought a scroll of identify for 20 gold pieces
  7330 | D:7      | Bought a scroll of random uselessness for 10 gold pieces
  7330 | D:7      | Bought a scroll of remove curse for 30 gold pieces
  7330 | D:7      | Bought a scroll of silence for 75 gold pieces
  7330 | D:7      | Bought a scroll of enchant weapon for 75 gold pieces
  7567 | D:7      | Reached ** piety under Vehumet
  7567 | D:7      | Offered knowledge of Throw Frost by Vehumet.
  7623 | D:7      | Learned a level 3 spell: Inner Flame
  8018 | D:7      | Reached skill level 7 in Conjurations
  8324 | D:8      | Noticed Erica
  8325 | D:8      | Noticed a two-headed ogre
  8335 | D:8      | Killed Erica
  8335 | D:8      | Reached skill level 7 in Spellcasting
  8335 | D:8      | Reached skill level 8 in Fire Magic
  8336 | D:8      | Killed a two-headed ogre
  8336 | D:8      | Reached skill level 8 in Conjurations
  8336 | D:8      | Reached XP level 10. HP: 33/81 MP: 11/21
  8375 | D:8      | Reached skill level 9 in Fire Magic
  8683 | D:8      | Offered knowledge of Mephitic Cloud by Vehumet.
  8705 | D:8      | Learned a level 3 spell: Mephitic Cloud
  8727 | D:8      | Found an opulent altar of Gozag.
  9271 | D:8      | Reached skill level 9 in Conjurations
  9331 | D:8      | Reached *** piety under Vehumet
  9363 | D:8      | Reached skill level 8 in Spellcasting
  9976 | D:8      | Noticed a two-headed ogre
  9996 | D:8      | Killed a two-headed ogre
 10500 | D:9      | Found a basalt altar of Yredelemnul.
 10533 | D:9      | Found a white marble altar of Elyvilon.
 10543 | D:9      | Found a deep blue altar of Sif Muna.
 10548 | D:9      | Found an ancient bone altar of Kikubaaqudgha.
 10775 | D:9      | Offered knowledge of Throw Icicle by Vehumet.
 10775 | D:9      | Reached XP level 11. HP: 75/88 MP: 18/23
 10963 | D:9      | Found a shadowy altar of Dithmenos.
 11047 | D:9      | Found a bloodstained altar of Trog.
 11080 | D:9      | Reached skill level 10 in Fire Magic
 11245 | D:9      | Noticed a two-headed ogre
 11251 | D:9      | Killed a two-headed ogre
 11251 | D:9      | Reached skill level 1 in Fighting
 11270 | D:9      | Reached **** piety under Vehumet
 11322 | D:9      | Found a shimmering altar of Xom.
 11325 | D:9      | Found a shimmering altar of Xom.
 11325 | D:9      | Found a shimmering altar of Xom.
 11325 | D:9      | Found a shimmering altar of Xom.
 11326 | D:9      | Found a shimmering altar of Xom.
 11326 | D:9      | Found a shimmering altar of Xom.
 11596 | D:10     | Entered Level 10 of the Dungeon
 11603 | D:10     | Noticed a two-headed ogre
 11612 | D:10     | Noticed a two-headed ogre
 11616 | D:10     | Killed a two-headed ogre
 11616 | D:10     | Reached skill level 1 in Hexes
 11616 | D:10     | Reached skill level 1 in Air Magic
 11616 | D:10     | Reached skill level 1 in Poison Magic
 11631 | D:10     | Killed a two-headed ogre
 11631 | D:10     | Reached skill level 2 in Fighting
 11635 | D:10     | Reached skill level 10 in Conjurations
 11941 | D:10     | Reached skill level 9 in Spellcasting
 11961 | D:10     | Offered knowledge of Static Discharge by Vehumet.
 12203 | D:10     | Reached skill level 2 in Hexes
 12203 | D:10     | Reached skill level 2 in Air Magic
 12285 | D:10     | Reached skill level 3 in Fighting
 12296 | D:10     | Found a staircase to the Lair.
 12469 | D:10     | Reached skill level 2 in Poison Magic
 12611 | D:10     | Noticed an unseen horror
 12612 | D:10     | Killed an unseen horror
 12931 | D:10     | Found an ornate altar of the Wu Jian Council.
 13404 | D:10     | Found a deep blue altar of Sif Muna.
 13473 | D:11     | Noticed a skeletal warrior
 13505 | D:11     | Killed a skeletal warrior
 13704 | D:11     | Noticed a brown ugly thing
 13732 | D:11     | Killed a brown ugly thing
 13732 | D:11     | Reached XP level 12. HP: 93/107 MP: 16/25
 13743 | D:11     | Found a portal to a secret trove of treasure.
 13804 | D:11     | Noticed a sun demon
 13817 | D:11     | Reached skill level 4 in Fighting
 14409 | D:11     | Found Isialaat's General Store.
 14414 | D:11     | Bought a scroll of teleportation for 39 gold pieces
 14414 | D:11     | Bought a scroll of identify for 26 gold pieces
 14454 | D:11     | Reached ***** piety under Vehumet
 14454 | D:11     | Offered knowledge of Ozocubu's Refrigeration by Vehumet.
 14787 | D:11     | Reached skill level 3 in Hexes
 14787 | D:11     | Reached skill level 3 in Air Magic
 14787 | D:11     | Reached skill level 3 in Poison Magic
 15105 | Lair:1   | Entered Level 1 of the Lair of Beasts
 15139 | Lair:1   | Noticed an eight-headed hydra
 15152 | Lair:1   | Killed an eight-headed hydra
 15152 | Lair:1   | Reached skill level 11 in Fire Magic
 15476 | Lair:1   | Reached skill level 1 in Staves
 15619 | Lair:1   | Reached skill level 5 in Fighting
 16085 | Lair:1   | Reached skill level 1 in Evocations
 16320 | Lair:1   | Noticed a five-headed hydra
 16357 | Lair:1   | Killed a five-headed hydra
 16357 | Lair:1   | Reached skill level 2 in Staves
 16357 | Lair:1   | Reached skill level 11 in Conjurations
 16919 | Lair:2   | Noticed a five-headed hydra
 17109 | Lair:2   | Killed a five-headed hydra
 17136 | Lair:2   | Found a shattered altar of Ashenzari.
 17518 | Lair:2   | Reached skill level 2 in Evocations
 17712 | Lair:2   | Noticed a seven-headed hydra
 17720 | Lair:2   | Killed a seven-headed hydra
 17720 | Lair:2   | Reached skill level 6 in Fighting
 17827 | Lair:2   | Reached skill level 10 in Spellcasting
 17827 | Lair:2   | Reached XP level 13. HP: 111/120 MP: 25/27
 18170 | Lair:3   | Found a staircase to the Snake Pit.
 18235 | Lair:3   | Reached skill level 3 in Staves
 18550 | Lair:3   | Found a staircase to the Swamp.
 18892 | Lair:3   | Noticed Fannar
 18904 | Lair:3   | Killed Fannar
 18937 | Lair:3   | Noticed Sonja
 18942 | Lair:3   | Killed Sonja
 19901 | Lair:4   | Reached skill level 3 in Evocations
 20214 | Lair:4   | Reached skill level 12 in Fire Magic
 20224 | Lair:4   | Reached skill level 7 in Fighting
 21565 | Lair:5   | Reached skill level 4 in Staves
 22322 | Lair:5   | Reached skill level 12 in Conjurations
 22639 | Lair:5   | Offered knowledge of Force Lance by Vehumet.
 22803 | Lair:5   | Learned a level 4 spell: Force Lance
 23173 | Lair:4   | Reached XP level 14. HP: 27/135 MP: 6/28
 23766 | Lair:5   | Reached skill level 1 in Translocations
 23769 | Lair:5   | HP: 6/135 [death yak (13)]
 23782 | Lair:5   | Demolished by a death yak

Vault maps used:
D:1:      mrwooster_arrival_statue, corexii_corridor_pit,
          nemelex_diamond_rough_becter
D:2:      tgw_kikubaaqudgha, uniq_terence
D:5:      minmay_temple_entry_crystal_x, first_ration, minmay_tree_intersection,
          hangedman_decor_points, elyvilon_altar_4
D:6:      lemuel_coloured_pillars_altar, uniq_menkaure
D:7:      serial_shops, shop
D:8:      nicolae_gozag_cash_rules_everything_around_me, grunt_pizzeria,
          hangedman_misty_isle, uniq_erica
D:9:      xom_shifter_show, bloody_trog, grunt_temple_overflow_cloverleaf,
          nicolae_dithmenos_the_darkroom
D:10:     lair_entry_dummy, basic_altar, lemuel_blue_sif_altar, uniq_erolcha
D:11:     minmay_diamond_stairs, serial_shops, nicolae_shop_trees, enter_trove_2
Temple:   nicolae_temple_god_jail
Lair:1:   grunt_megastairs_3, lemuel_fruit_tree, infiniplex_staircase_pool
Lair:2:   basic_altar, grunt_megastairs_4
Lair:3:   minmay_swamp_entry_reptiles, minmay_snake_entry_guardpost_small,
          uniq_sonja, uniq_fannar
Lair:5:   tgw_fedhas, grunt_megastairs_5

Skill      XL: |  1  2  3  4  5  6  7  8  9 10 11 12 13 14 |
---------------+-------------------------------------------+-----
Conjurations   | 1 2 3 4 5 6 8 9 10 11 12 | 12.2
Fire Magic     | 3 4 5 6 8 9 10 11 12 | 12.4
Spellcasting   | 3 4 6 7 8 9 10 | 10.7
Fighting       | 3 6 7 |  7.9
Hexes          | 2 3 |  3.0
Air Magic      | 2 3 |  3.0
Poison Magic   | 2 3 |  3.0
Staves         | 2 4 |  4.7
Evocations     | 2 3 |  3.8
Translocations | 1 |  1.1
Dodging        | |  1.7
Stealth        | |  1.4

Action                   |  1- 3 |  4- 6 |  7- 9 | 10-12 | 13-15 || total
-------------------------+-------+-------+-------+-------+-------++-------
Melee: Spear             |    86 |    75 |   111 |    65 |       ||   337
       Trident           |       |       |       |   235 |       ||   235
       Quarterstaff      |       |       |       |       |    38 ||    38
Throw: Large rock        |       |     4 |     1 |    10 |       ||    15
       Javelin           |       |       |       |     6 |       ||     6
       Tomahawk          |       |       |       |     5 |       ||     5
 Cast: Flame Tongue      |    48 |    39 |    83 |   196 |    81 ||   447
       Throw Flame       |     1 |     1 |       |     1 |       ||     3
       Conjure Flame     |     2 |     1 |     5 |    26 |    24 ||    58
       Sticky Flame      |       |     6 |    27 |   101 |    78 ||   212
       Fireball          |       |       |     1 |    12 |    13 ||    26
       Inner Flame       |       |       |     1 |     4 |     1 ||     6
       Force Lance       |       |       |       |       |     4 ||     4
       Mephitic Cloud    |       |       |       |       |     1 ||     1
Evoke: Wand              |       |       |    10 |     4 |     2 ||    16
  Use: Scroll            |     3 |     5 |     1 |    11 |     2 ||    22
       Potion            |       |       |     4 |       |     2 ||     6
 Stab: Sleeping          |     2 |     1 |       |     1 |       ||     4
  Eat: Chunk             |     2 |     5 |    12 |    28 |    19 ||    66
       Ration            |       |     2 |     1 |     4 |     2 ||     9
Armor: Robe              |    25 |    21 |    38 |   127 |    26 ||   237
       Skin              |       |       |       |    13 |     1 ||    14
Dodge: Dodged            |    50 |    73 |    86 |   247 |    77 ||   533
       Deflected         |       |     2 |     1 |     8 |     6 ||    17

Table legend:
 A = Spawn XP
 B = Non-spawn XP
 C = Spawn XP percentage of total XP
 D = Spawn monster count
 E = Non-spawn monster count
 F = Spawn count percentage of total count
 G = Total turns spent on level
                    A         B        C        D         E        F      G
               +---------+---------+-------+---------+---------+-------+---------
         Total |       0 |   55989 |   0.0 |       0 |     371 |   0.0 | 23782
               +---------+---------+-------+---------+---------+-------+---------
           D:1 |       0 |      38 |   0.0 |       0 |      22 |   0.0 |  1123
           D:2 |       0 |      76 |   0.0 |       0 |      18 |   0.0 |  1021
           D:3 |       0 |      27 |   0.0 |       0 |       6 |   0.0 |   874
           D:4 |       0 |     369 |   0.0 |       0 |      11 |   0.0 |  1081
           D:5 |       0 |     570 |   0.0 |       0 |      16 |   0.0 |  1804
           D:6 |       0 |    1334 |   0.0 |       0 |      30 |   0.0 |  1436
           D:7 |       0 |     857 |   0.0 |       0 |      24 |   0.0 |  1164
           D:8 |       0 |    5544 |   0.0 |       0 |      41 |   0.0 |  1839
           D:9 |       0 |    2229 |   0.0 |       0 |      30 |   0.0 |  1391
          D:10 |       0 |    5904 |   0.0 |       0 |      28 |   0.0 |  1668
          D:11 |       0 |    4832 |   0.0 |       0 |      33 |   0.0 |  1640
        Lair:1 |       0 |    5788 |   0.0 |       0 |      21 |   0.0 |  1897
        Lair:2 |       0 |    5323 |   0.0 |       0 |      22 |   0.0 |  1145
        Lair:3 |       0 |    6557 |   0.0 |       0 |      22 |   0.0 |  2021
        Lair:4 |       0 |    3904 |   0.0 |       0 |      14 |   0.0 |  1488
        Lair:5 |       0 |   12637 |   0.0 |       0 |      33 |   0.0 |  2126
               +---------+---------+-------+---------+---------+-------+---------
